 Dungeon Crawl Stone Soup version 0.29-a0-575-g0dc89cf053 (webtiles) character file.

Game seed: 1805918928932786837

595 Zonian the Chiller (level 7, -6/32 HPs)
             Began as a Vine Stalker Ice Elementalist on June 13, 2022.
             Was an Initiate of Hepliaklqana.
             Mangled by Pikel
             ... wielding a +0 whip of electrocution
              (11 damage)
             ... on level 4 of the Dungeon.
             The game lasted 00:11:00 (4528 turns).

Zonian the Chiller (Vine Stalker Ice Elementalist)  Turns: 4528, Time: 00:11:01

Health: -6/32      AC:  5    Str: 10    XL:     7   Next: 40%
Magic:  0/14       EV: 13    Int: 15    God:    Hepliaklqana [......]
Gold:   243        SH:  0    Dex: 17    Spells: 10/14 levels left

rFire   . . .      SeeInvis .   i - +2 dagger (drain)
rCold   . . .      Faith    .   (no shield)
rNeg    . . .      Spirit   +   d - +2 robe {Will+}
rPois   .          Reflect  .   j - +0 helmet
rElec   .          Harm     .   (no cloak)
rCorr   .          Rampage  .   (no gloves)
Will    +....                   (no boots)
Stlth   +++.......              (no amulet)
HPRegen 0.90/turn               (no ring)
MPRegen 0.14/turn               (no ring)

@: no status effects
A: fangs 2, regeneration 1, magic shield, antimagic bite, no potion heal 2
a: Renounce Religion


You were on level 4 of the Dungeon.
You worshipped Hepliaklqana.
Hepliaklqana was noncommittal.
You visited 1 branch of the dungeon, and saw 4 of its levels.

You collected 365 gold pieces.
You spent 122 gold pieces at shops.

Inventory:

Hand Weapons
 c - a +0 dagger
 i - a +2 dagger of draining (weapon)
 s - a +2 vampiric scythe
 t - a +0 vampiric rapier
Missiles
 l - 6 boomerangs
Armour
 a - a +0 robe
 d - a +2 robe of willpower (worn)
 j - a +0 helmet (worn)
Wands
 b - a wand of paralysis (1)
 n - a wand of iceblast (2)
Scrolls
 f - a scroll of teleportation
 m - a scroll of torment {unknown}
 p - a scroll of fear {unknown}
 r - 2 scrolls of enchant armour {unknown}
 u - a scroll of fog {unknown}
 w - a scroll of silence {unknown}
Potions
 e - a potion of heal wounds {unknown}
 g - a potion of lignification {unknown}
 k - 2 potions of might {unknown}
 o - a potion of berserk rage {unknown}
 q - 2 potions of attraction
 v - a potion of brilliance {unknown}


   Skills:
 + Level 3.5 Dodging
 + Level 5.5 Stealth
 + Level 4.3 Spellcasting
 + Level 5.5 Ice Magic


You had 10 spell levels left.
You knew the following spells:

 Your Spells              Type           Power      Damage    Failure   Level
a - Freeze                Ice            76%        1d9       1%          1
b - Frozen Ramparts       Ice            38%        1d5       5%          3

Your spell library contained the following spells:

 Spells                   Type           Power      Damage    Failure   Level
 Ozocubu's Armour         Ice            19%        N/A       5%          3
 Hailstorm                Conj/Ice       11%        3d5       50%         4


Dungeon Overview and Level Annotations

Branches:
Dungeon (4/15)
 Temple: D:4-7

Altars:
Fedhas
Gozag
Hepliaklqana
The Shining One

Shops:
D:3 :   D:4 *

Annotations:
D:4 Pikel


Innate Abilities, Weirdness & Mutations

You have extremely sharp teeth.
Your natural rate of healing is unusually fast.
When hurt, damage is shared between your health and your magic reserves.
Your bite disrupts and absorbs the magic of your enemies.
Potions cannot restore your health.


Message History

The black bear claws you but does no damage. x2
You hit the black bear.
You bite the black bear, but do no damage.
The black bear is heavily wounded.
The black bear bites you. The black bear claws you. x2
Pikel shouts!
You hit the black bear.
The black bear is heavily wounded.
You hear a shout! x2
The black bear bites you. The black bear barely misses you.
The black bear completely misses you.
You hit the black bear. You drain the black bear. You bite the black bear.
You drain its power.
You feel invigorated.
The black bear is almost dead.
The black bear bites you.
The black bear claws you but does no damage. x2
You barely miss the black bear. You bite the black bear.
You kill the black bear!
Casting: Freeze (safe; 1% risk of failure)
Confirm with . or Enter, or press ? or * to list all spells.
Aiming: Freeze (safe; 1% risk of failure)
Press: ? - help, Shift-Dir - straight line, f - Pikel
Aim: Pikel, wielding a +0 whip of electrocution and wearing a +0 robe You freeze Pikel.
Pikel is lightly wounded.
Pikel hits you with a +0 whip of electrocution!
Your magical contamination has completely faded away.
You barely miss Pikel. Your bite misses Pikel.
Pikel is lightly wounded.
Pikel hits you with a +0 whip of electrocution.
You are electrocuted!
* * * LOW HITPOINT WARNING * * *
Okay, then.
Okay, then.
You hit Pikel. You drain Pikel. You bite Pikel, but do no damage.
Pikel is moderately wounded.
Pikel hits you with a +0 whip of electrocution.
* * * LOW HITPOINT WARNING * * *
You are electrocuted!
You die...

#......#
#.^....#
#......#
####....>.#
#.........#
#.# #.# #K#
#@# #.# #.#
#.########
##.......#
#.......#
#.......#
##.......#
#........#


You could see Pikel (drained).

Vanquished Creatures
  Sigmund (D:3)
  Eustachio (D:4)
  A black bear (D:4)
  2 lemures (D:3)
  A jelly (D:4)
  An iguana (D:4)
  Ijyb (D:3)
  Natasha (D:4)
  3 adders (D:2)
  A shadow imp (D:3)
  4 dart slugs
  An orc (D:4)
  5 endoplasms
  A giant cockroach (D:3)
  7 goblins
  7 hobgoblins
  10 jackals
  5 kobolds
  2 quokkas
  10 ball pythons
  7 bats
  4 frilled lizards
  6 rats
82 creatures vanquished.

Notes
Turn   | Place    | Note
-------+----------+-------------------------------------------
     0 | D:1      | Zonian the Vine Stalker Ice Elementalist began the quest
                  | for the Orb.
     0 | D:1      | Reached XP level 1. HP: 9/9 MP: 4/4
   262 | D:1      | Reached XP level 2. HP: 13/13 MP: 6/6
  1044 | D:1      | Reached XP level 3. HP: 16/16 MP: 7/7
  1855 | D:2      | Found a glowing golden altar of the Shining One.
  2089 | D:2      | Gained mutation: Your natural rate of healing is unusually
                  | fast. [Vine Stalker growth]
  2089 | D:2      | Reached XP level 4. HP: 20/20 MP: 9/9
  2731 | D:3      | Found a hazy altar of Hepliaklqana.
  2750 | D:3      | Noticed Sigmund
  2937 | D:3      | Found a blossoming altar of Fedhas.
  2942 | D:3      | Found an opulent altar of Gozag.
  3429 | D:3      | Found Ecsesch's Book Shop.
  3437 | D:3      | Noticed Ijyb
  3460 | D:3      | Killed Ijyb
  3461 | D:3      | Reached XP level 5. HP: 22/24 MP: 8/10
  3538 | D:3      | Killed Sigmund
  3539 | D:3      | Reached skill level 5 in Ice Magic
  3539 | D:3      | Reached XP level 6. HP: 28/28 MP: 10/12
  3584 | D:3      | Became a worshipper of Hepliaklqana the Forgotten
  3617 | D:4      | Noticed Pikel
  3840 | D:4      | Found Nivoryps's Assorted Antiques.
  3859 | D:4      | Learned a level 3 spell: Frozen Ramparts
  3875 | D:4      | Noticed Eustachio
  3895 | D:4      | Killed Eustachio
  3896 | D:4      | Reached skill level 5 in Stealth
  3999 | D:4      | Bought a scroll labelled DIUFOW EXUCUCI for 25 gold pieces
  3999 | D:4      | Bought a scroll labelled VEJITUA ADABUFAITZ for 25 gold
                  | pieces
  3999 | D:4      | Bought a fuming coppery potion for 22 gold pieces
  3999 | D:4      | Bought a scroll labelled HUBRUF QUPN for 25 gold pieces
  3999 | D:4      | Bought a scroll labelled GANEUTSUSICK for 25 gold pieces
  4007 | D:4      | Reached XP level 7. HP: 32/32 MP: 14/14
  4418 | D:4      | Noticed Natasha
  4442 | D:4      | Killed Natasha
  4528 | D:4      | Mangled by Pikel

Illustrated notes

Levels and vault maps discovered:
D:1:      dpeg_arrival_shelter, layout_basic, nrook_mini_backslash,
          minmay_tiny_reverse_x
D:2:      layout_loops_cross, basic_altar
D:3:      layout_basic, mainiacjoe_overflow_tiny_flanked,
          mainiacjoe_overflow_big_doors, serial_shops, nicolae_shop_waterfront,
          minmay_liquid_box, uniq_ijyb, uniq_sigmund
D:4:      layout_rooms, serial_shops, shop_statue, uniq_crazy_yiuf_cottage,
          uniq_pikel, uniq_eustachio, uniq_natasha

Skill      XL: |  1  2  3  4  5  6 |
---------------+-------------------+-----
Dodging        | 2 3 |  3.5
Stealth        | 3 4 5 |  5.5
Spellcasting   | 3 4 |  4.3
Ice Magic      | 5 |  5.5

Action                   |  1- 3 |  4- 6 |  7- 9 || total
-------------------------+-------+-------+-------++-------
Melee: Dagger            |    93 |   125 |    22 ||   240
       Bite              |    23 |    31 |     8 ||    62
       Unarmed           |     2 |       |       ||     2
 Cast: Freeze            |     9 |     9 |     4 ||    22
Evoke: Wand              |       |     2 |       ||     2
  Use: Scroll            |       |     4 |       ||     4
       Potion            |       |     1 |     1 ||     2
 Stab: Sleeping          |     8 |     9 |       ||    17
       Distracted        |       |     1 |       ||     1
Armor: Robe              |    15 |    36 |     9 ||    60
Dodge: Dodged            |    62 |   111 |    11 ||   184

Table legend: (Time is in decaauts)
 A = Elapsed time spent in this place.
 B = Non-inter-level travel time spent in this place.
 C = Inter-level travel time spent in this place.
 D = Time resting spent in this place.
 E = Time spent auto-exploring this place.
 F = Levels seen in this place.
 G = Mean time per level.
                   A        B        C        D        E       F      G
               +--------+--------+--------+--------+--------+-----+--------+
         Total |   4528 |   4357 |    171 |   1299 |   2087 |   4 | 1132.0 |
       Dungeon |   4528 |   4357 |    171 |   1299 |   2087 |   4 | 1132.0 |
               +--------+--------+--------+--------+--------+-----+--------+

Top non-repeatable levels by time:
     D:1: 1725 daAuts
     D:3: 1160 daAuts
     D:2: 1149 daAuts
     D:4: 492 daAuts
